 Dungeon Crawl Stone Soup version 0.31.0-12-g77e489cdc1 (webtiles) character file.

Game seed: 349950731080391654

32 Arctor the Firebug (level 3, -5/19 HPs)
             Began as a Deep Elf Fire Elementalist on Feb 11, 2024.
             Was a Follower of Lugonu.
             Splashed by a jelly's acid (8 damage)
             ... on level 2 of the Dungeon.
             The game lasted 00:01:22 (1405 turns).

Arctor the Firebug (Deep Elf Fire Elementalist)     Turns: 1405, Time: 00:01:22

Health: -5/19      AC: -2    Str:  5    XL:     3   Next: 8%
Magic:  6/10       EV: 13    Int: 21    God:    Lugonu [*.....]
Gold:   60         SH:  0    Dex: 15    Spells: 6/9 levels left

rFire   . . .        (no weapon)
rCold   . . .        (no shield)
rNeg    . . .        a - +0 robe
rPois   .            (no helmet)
rElec   .            (no cloak)
rCorr   .            (no gloves)
SInv    .            (no boots)
Will    .....        (no amulet)
Stlth   ++           (no ring)
HPRegen 0.23/turn    (no ring)
MPRegen 0.12/turn

%: no passive effects
@: corroded
A: no striking features
a: Renounce Religion, Depart the Abyss


You were on level 2 of the Dungeon.
You worshipped Lugonu.
Lugonu was aware of your devotion.
You visited 1 branch of the dungeon, and saw 2 of its levels.

You collected 60 gold pieces.

Inventory:

Hand Weapons
 d - a +0 dagger
Armour
 a - a +0 robe (worn)
 e - a +0 cloak
Jewellery
 c - a ring of see invisible
Potions
 b - a potion of magic
 f - a potion of berserk rage {unknown}
 g - a potion of curing {unknown}
 h - 2 potions of brilliance {unknown}


   Skills:
 + Level 2.9 Dodging
 + Level 3.0 Stealth
 + Level 3.5 Spellcasting
 + Level 1.7 Conjurations
 + Level 3.5 Fire Magic


You had 6 spell levels left.
You knew the following spells:

 Your Spells              Type           Power      Damage    Failure   Level
a - Foxfire               Conj/Fire      56%        2x1d6     4%          1
b - Scorch                Fire           36%        2d6       4%          2

Your spell library contained the following spells:

 Spells                   Type           Power      Damage    Failure   Level
 Apportation              Tloc           6%         N/A       13%         1
 Jinxbite                 Hex            6%         N/A       19%         2
 Inner Flame              Hex/Fire       11%        N/A       19%         3
 Volatile Blastmotes      Fire/Tloc      22%        2d11      19%         3
 Flame Wave               Conj/Fire      14%        2d6       38%         4
 Alistair's Intoxication  Alch           2%         N/A       98%         5


Dungeon Overview and Level Annotations

Branches:
Dungeon (2/15)

Altars:
Lugonu


Message History

You conjure some foxfire!
A hobgoblin comes into view.
A hobgoblin is nearby!
A hobgoblin is nearby!
There is not enough space to conjure foxfire!
The foxfire hits the hobgoblin.
The hobgoblin is severely wounded.
The foxfire hits the hobgoblin.
You kill the hobgoblin!
Lugonu accepts your kill.
Your foxfire dissipates!
Your foxfire dissipates!
A jelly and a giant cockroach come into view.
The jelly quivers.
The jelly closely misses you.
You conjure some foxfire!
The jelly hits you. The acid corrodes you!
You are splashed with acid.
There are monsters nearby!
There is not enough space to conjure foxfire!
There is not enough space to conjure foxfire!
Your foxfire dissipates!
You conjure some foxfire!
The jelly closely misses you. The jelly barely misses you.
You conjure some foxfire!
The jelly hits you.
You are splashed with acid!
* * * LOW HITPOINT WARNING * * *
The jelly closely misses you.
Your foxfire dissipates!
You are too injured to fight recklessly!
Unknown command.
Casting: Foxfire (safe; 4% risk of failure)
Confirm with . or Enter, or press ? or * to list all spells.
Flames lash the jelly.
The jelly is heavily wounded.
The jelly's fire resistance burns away.
You hear a loud squeak.
Your foxfire dissipates!
The jelly hits you.
* * * LOW HITPOINT WARNING * * *
You are splashed with acid!
You die...

........#.#
...######.######
#...#)#.#
#..#..#.##
#..###..#.# #..#
##..## #..#
##..# #.# ##§#
#. ##§@# # #.J##
#..#.# §...#§##
#...#B# ######


You could see a jelly (combustible).

Vanquished Creatures
  A ribbon worm (D:2)
  4 ball pythons (D:1)
  2 endoplasms (D:1)
  4 goblins
  5 hobgoblins
  3 kobolds (D:1)
  A quokka (D:1)
  A bat (D:1)
  3 frilled lizards (D:1)
  3 rats
27 creatures vanquished.

Vanquished Creatures (others)
  131 foxfires
131 creatures vanquished.

Grand Total: 158 creatures vanquished

Notes
Turn   | Place    | Note
-------+----------+-------------------------------------------
     0 | D:1      | Arctor the Deep Elf Fire Elementalist began the quest for
                  | the Orb.
     0 | D:1      | Reached XP level 1. HP: 10/10 MP: 6/6
   373 | D:1      | Reached XP level 2. HP: 15/15 MP: 5/8
   378 | D:1      | Found a faded altar of an unknown god.
   410 | D:1      | Prayed at the altar of an unknown god.
   410 | D:1      | Became a worshipper of Lugonu the Unformed
   410 | D:1      | Reached * piety under Lugonu
  1266 | D:2      | Reached XP level 3. HP: 19/19 MP: 7/10
  1269 | D:2      | Learned a level 2 spell: Scorch
  1405 | D:2      | Splashed by a jelly's acid

Illustrated notes

Levels and vault maps discovered:
D:1:      dpeg_arrival_tiny_d, layout_basic, hellmonk_ecumenical_altar_zigzags,
          minmay_tree_intersection, minmay_tetromino_i2
D:2:      minmay_diamond_boxcup, layout_basic, basic_altar,
          hangedman_abyss_or_decor_stabs, grunt_decor_clamped,
          grunt_decor_resistance, minmay_goblin_outpost,
          uniq_crazy_yiuf_cottage, uniq_sigmund

Skill      XL: |  1  2  3 |
---------------+----------+-----
Stealth        | 3 |  3.0
Dodging        | |  2.9
Spellcasting   | |  3.5
Conjurations   | |  1.7
Fire Magic     | |  3.5

Action                     || total
---------------------------++-------
  Melee: Unarmed           ||     1
   Cast: Foxfire           ||    84
         Scorch            ||     1
 Armour: Robe              ||     6
  Dodge: Dodged            ||    12
